 Dungeon Crawl Stone Soup version 0.19-b1-4-gd8a0a2a (webtiles) character file.

92 Kullungy the Skirmisher (level 4, -5/37 HPs)
             Began as a Demonspawn Chaos Knight on Oct 30, 2016.
             Slain by a worm (7 damage)
             ... on level 2 of the Dungeon.
             The game lasted 00:09:23 (1079 turns).

Kullungy the Skirmisher (Demonspawn Chaos Knight)   Turns: 1079, Time: 00:09:24

Health: -5/37      AC:  5    Str: 16    XL:     4   Next: 35%
Magic:  4/4        EV: 14    Int: 14    God:    Xom [.....*]
Gold:   39         SH:  0    Dex: 12    Spells: 0 memorised, 3 levels left

rFire  . . .     SeeInvis .     a - +1 falchion (chaos)
rCold  . . .     Gourm    .     b - +2 leather armour
rNeg   . . .     Faith    .     (no shield)
rPois  .         Spirit   .     (no helmet)
rElec  .         Reflect  .     (no cloak)
rCorr  .         Harm     .     (no gloves)
MR     .....                    (no boots)
Stlth  +.........               n - amulet of rage
                                (no ring)
                                d - +3 ring of strength

@: exhausted, flying, slowed, very slow
A: repulsion field 2
a: Renounce Religion, Evoke Berserk Rage


You were on level 2 of the Dungeon.
You worshipped Xom.
You were Xom's teddy bear.
You were near starving.

You visited 1 branch of the dungeon, and saw 2 of its levels.

You collected 39 gold pieces.

Inventory:

Hand Weapons
 a - a +1 falchion of chaos (weapon)
 f - a +0 short sword
 k - a +0 short sword
 o - a +0 long sword
 q - a +0 club
 r - a +0 hunting sling
Missiles
 j - 53 bolts
 s - 11 stones (quivered)
Armour
 b - a +2 leather armour (worn)
 e - a +0 leather armour
 p - a cursed +0 centaur barding
Jewellery
 d - a +3 ring of strength (left hand)
 n - an amulet of rage (around neck)
Scrolls
 g - a scroll of amnesia
 i - 2 scrolls of random uselessness
Potions
 h - a potion of berserk rage
Comestibles
 c - a bread ration
 m - 6 chunks of flesh


   Skills:
 + Level 3.9 Fighting
 + Level 3.6 Long Blades
 + Level 2.2 Armour
 + Level 1.1 Dodging
 + Level 0.8 Stealth


You had 3 spell levels left.
You didn't know any spells.

Dungeon Overview and Level Annotations

Branches:
Dungeon (2/15)

Altars:
Uskayaw
Xom


Innate Abilities, Weirdness & Mutations

You are surrounded by a moderate repulsion field. (EV +3)


Message History

You feel very buoyant.
You fly up into the air.
The jackal bites you.
* * * LOW HITPOINT WARNING * * *
The jackal barks!
The worm misses you.
You riposte.
You hit the worm.
The worm is moderately wounded.
You hear a shout!
You closely miss the jackal. The jackal barely misses you.
You riposte.
You hit the jackal.
The jackal is moderately wounded.
The jackal bites you but does no damage. x2
The jackal misses you. The worm barely misses you.
You riposte.
You hit the worm. You freeze the worm.
The worm is moderately wounded.
The jackal closely misses you.
You riposte.
You hit the jackal.
You kill the jackal!
The jackal bites you.
* * * LOW HITPOINT WARNING * * *
The worm bites you!
You die...

..#####.###.#####
#.......# #..# #
...###..# #..# ..#
....###.###..# ..# .
......#......##### #..#..
......>..........##.....#
.....##..............?...
....####..#..............
...## #..###....@()......
........# #...)hw)......
.##..##......#.)#.)......
## #....####.#..###......
#.. #....# .####. ......
# ##...... .(##.... ..#
#.....


You could see a worm and a jackal.

Vanquished Creatures
  3 gnolls (D:2)
  2 adders (D:2)
  3 dart slugs
  2 leopard geckos
  A giant cockroach (D:1)
  6 goblins
  3 hobgoblins
  A jackal (D:2)
  2 kobolds
  7 bats
  7 frilled lizards
  6 rats
43 creatures vanquished.

Notes
Turn   | Place    | Note
-------+----------+-------------------------------------------
     0 | D:1      | Kullungy the Demonspawn Chaos Knight began the quest for the Orb.
     0 | D:1      | Reached XP level 1. HP: 18/18 MP: 1/1
    39 | D:1      | XOM: harmless Necr miscast
   121 | D:1      | XOM: divination: detect items
   267 | D:1      | XOM: 1-stop teleportation journey
   333 | D:1      | XOM: scenery: create altars
   423 | D:1      | Gained mutation: You are surrounded by a mild repulsion field. (EV +2) [demonic ancestry]
   423 | D:1      | Reached XP level 2. HP: 24/24 MP: 2/2
   590 | D:1      | Reached skill level 1 in Dodging
   839 | D:1      | XOM: cast spell 'Cause Fear'
   922 | D:1      | XOM: scenery: create altars
   965 | D:2      | Gained mutation: You are surrounded by a moderate repulsion field. (EV +3) [demonic ancestry]
   965 | D:2      | Reached XP level 3. HP: 29/29 MP: 3/3
   968 | D:2      | Noticed a dagger
   968 | D:2      | Noticed a dagger
   985 | D:2      | Found a hide-covered altar of Uskayaw.
  1063 | D:2      | Reached XP level 4. HP: 19/37 MP: 4/4
  1079 | D:2      | Slain by a worm

Skill      XL: |  1  2  3 |
---------------+----------+-----
Dodging        | 1 |  1.1
Long Blades    | 3 |  3.6
Armour         | 2 |  2.2
Fighting       | |  3.9
Stealth        | |  0.8

Action                   |  1- 3 |  4- 6 || total
-------------------------+-------+-------++-------
Melee: Falchion          |    79 |     9 ||    88
 Abil: Evoke Berserk Rag |     1 |       ||     1
  Use: Scroll            |     5 |       ||     5
       Potion            |       |     1 ||     1
 Stab: Paralysed         |     2 |       ||     2
       Sleeping          |     1 |       ||     1
Armor: Leather armour    |    40 |     5 ||    45
Dodge: Dodged            |    84 |    15 ||    99
       Rpst.: Falchion   |    25 |     7 ||    32
